 Dungeon Crawl Stone Soup version 0.17-a0-896-g249456b (webtiles) character file.

184996 Chiseanne the Bringer of Light (level 18, -7/95 HPs)
             Began as a Vine Stalker Monk on Apr 30, 2015.
             Was the Champion of the Shining One.
             Mangled by a battleaxe of electrocution (15 damage)
             ... on level 1 of the Vaults on May 1, 2015.
             The game lasted 02:38:14 (32621 turns).

Chiseanne the Bringer of Light (Vine Stalker Monk) Turns: 32621, Time: 02:38:15

Health: -7/95      AC: 23    Str: 20    XL:     18   Next: 2%
Magic:  0/31       EV: 19    Int: 16    God:    the Shining One [******]
Gold:   263        SH: 13    Dex: 22    Spells: 3 memorised, 12 levels left

rFire  + . .     SeeInvis .     a - +4 dagger (elec)
rCold  . . .     Clarity  +     p - +6 scale mail {rF+}
rNeg   + + +     SustAb   .     Q - +0 shield
rPois  +         Gourm    .     t - +0 helmet
rElec  .         Spirit   +     Z - +0 cloak
rCorr  .         Warding  .     I - +2 pair of gloves {Dex+3}
rMut   .         Stasis   .     D - +0 pair of boots "Xunai" {Int+6}
MR     +++..                    B - amulet of rage
Stlth  +.........               H - ring of poison resistance
                                A - ring of protection from magic

@: about to teleport, glowing, extremely resistant to hostile enchantments, very
unstealthy
A: fangs 3, clarity, regeneration 3, shaggy fur 1, magic shield, antimagic bite,
no device heal 3, rot immunity
a: Divine Shield, Cleansing Flame, Summon Divine Warrior, Renounce Religion,
Evoke Berserk Rage
}: 1/15 runes: gossamer


You were on level 1 of the Vaults.
You worshipped the Shining One.
The Shining One was exalted by your worship.
You were full.

You visited 5 branches of the dungeon, and saw 32 of its levels.
You also visited: Ossuary and Volcano.

You collected 3549 gold pieces.
You spent 3286 gold pieces at shops.

Inventory:

Hand weapons
 a - a +4 dagger of electrocution (weapon)
 d - the +7 flail of Cowardice {freeze, rPois MR- Str+2 SInv}
   (You found it on level 6 of the Lair of Beasts)

   It has been specially enchanted to freeze those struck by it, causing extra
   injury to most foes and up to half again as much damage against particularly
   susceptible opponents.
   It can also slow down cold-blooded creatures.
   It affects your strength (+2).
   It protects you from poison.
   It affects your resistance to hostile enchantments.
   It enhances your eyesight.
 s - a +3 scimitar of flaming
 w - the +9 hand crossbow of Starshine {penet, Str+4}
   (You found it on level 14 of the Dungeon)

   Ammo fired by it will pass through the targets it hits, potentially hitting
   all targets in its path until it reaches maximum range.
   It affects your strength (+4).
Missiles
 g - 52 tomahawks
 o - 6 silver javelins
 F - 152 bolts
 K - 32 bolts of penetration
 P - 2 javelins (quivered)
Armour
 p - a +6 scale mail of fire resistance (worn)
 t - a +0 helmet (worn)
 C - the +5 ring mail "Boqioq" {rC+}
   (You found it on level 3 of the Lair of Beasts)

   It protects you from cold.
 D - the +0 pair of boots "Xunai" (worn) {Int+6}
   (You acquired it on level 8 of the Lair of Beasts)

   It affects your intelligence (+6).
 I - a +2 pair of gloves of dexterity (worn)
 M - the +0 leather armour "Kiufreruh" {+Fly rF+}
   (You bought it in a shop on level 8 of the Dungeon)

   It protects you from fire.
   It lets you fly.
 Q - a +0 shield (worn)
 Z - a +0 cloak (worn)
Jewellery
 A - a ring of protection from magic (left hand)
 B - an amulet of rage (around neck)
 H - a ring of poison resistance (right hand)
 S - a +3 ring of protection
Magical devices
 e - a wand of teleportation (4)
 j - a wand of cold (6)
 r - a wand of digging (9)
 y - a wand of hasting (0)
 G - a wand of lightning (4)
 N - a wand of disintegration (0)
Scrolls
 c - 9 scrolls of remove curse
 n - 4 scrolls of recharging
 u - 2 scrolls of fog
 x - 5 scrolls of teleportation
 L - a scroll of brand weapon
 V - a scroll of magic mapping
Potions
 f - 7 potions of might
 h - 19 potions of curing
 i - 2 potions of cancellation
 l - 6 potions of haste
 m - 2 potions of resistance
 q - 2 potions of lignification
 z - 2 potions of agility
 J - 2 potions of berserk rage
 Y - 4 potions of flight
Books
 E - a book of Enchantments

   Spells                             Type                      Level
   a - Cause Fear                     Hexes                        4
   b - Silence                        Hexes/Air                    5
   c - Deflect Missiles               Charms/Air                   6
   d - Haste                          Charms                       6
   e - Discord                        Hexes                        8
Comestibles
 b - 19 bread rations
 k - 9 meat rations
 v - 8 beef jerkies


   Skills:
 * Level 10.4 Fighting
 - Level 10.4 Short Blades
 - Level 10.0 Throwing
 - Level 10.0 Armour
 * Level 11.3 Dodging
 - Level 2.4 Stealth
 * Level 11.5 Shields
 - Level 4.9 Unarmed Combat
 - Level 16.5 Invocations
 * Level 3.2 Evocations


You had 12 spell levels left.
You knew the following spells:

 Your Spells              Type           Power        Failure   Level  Hunger
a - Repel Missiles        Chrm/Air       #.....       96%         2    ###....
b - Apportation           Tloc           #.........   86%         1    ##.....
c - Swiftness             Chrm/Air       #.......     96%         2    ###....


Dungeon Overview and Level Annotations

Branches:
Dungeon (15/15)            Temple (0/1) D:7            Lair (8/8) D:9
 Shoals (0/4) Lair:5       Spider (4/4) Lair:4        Slime (0/6) Lair:6
    Orc (4/4) D:10            Elf (0/3) Orc:3        Vaults (1/5) D:14
 Depths (0/5) D:15

Altars:
Ashenzari
Dithmenos
Elyvilon
Gozag
Nemelex Xobeh
Okawaru
Yredelemnul
Zin
The Shining One
Beogh
Jiyva

Shops:
D:8 *   D:11 !*((:   Orc:1 }!   Orc:4 :=*!(

Portals:
Trove: D:12 (give +3 ice dragon armour)

Annotations:
Lair:3 exclusion: 2 oklob plants


Innate Abilities, Weirdness & Mutations

You have razor-sharp teeth.
You regenerate.
You are covered in fur (AC +1).
When hurt, damage is shared between your health and your magic reserves.
Your bite disrupts and absorbs the magic of your enemies.
Potions and wands cannot restore your health.
You are immune to rotting.
You possess an exceptional clarity of mind.


Message History

The battleaxe of electrocution resists.
The bolt of cold hits you!
* * * LOW HITPOINT WARNING * * *
You block the battleaxe of electrocution's attack.
You hit the battleaxe of electrocution but do no damage.
The battleaxe of electrocution is severely damaged.
The frost giant gestures at you while chanting.
The bolt of cold hits the battleaxe of electrocution.
The battleaxe of electrocution resists.
The bolt of cold hits you!
* * * LOW HITPOINT WARNING * * *
Read which item? (? for menu, Esc to quit)
As you read the scroll of teleportation, it crumbles to dust.
You feel strangely unstable.
You block the battleaxe of electrocution's attack.
Read which item? (? for menu, Esc to quit)
As you read the scroll of fog, it crumbles to dust.
The scroll dissolves into smoke.
The battleaxe of electrocution hits you!
* * * LOW HITPOINT WARNING * * *
You are electrocuted!
You die...

#.....# #'''# #.....#
#.....####!..####.....#
#.......##.(.##.......#
#.......##..(##.......#
#.......##...##.......#
#.......##.))##.......#
#...[...##oCW##.......#
#.......###(###.......#
#.......##§@§##.......#
#.......##§§§##.......#
#.......##...##.......#
#####.......##...##.......######
.............##...##.............
.............##().##.............
.............###'###.............
.................................
.................................


You could see a frost giant, an orc knight, a freezing wraith and a battleaxe of
electrocution.

Vanquished Creatures
  Frances (D:14)
  Kirke (Spider:3)
  A fire giant (D:15)
  3 ghost moths
  A stone giant (Orc:3)
  Azrael (D:13)
  Snorg (Orc:1)
  3 fire dragons
  A great orb of eyes (Vaults:1)
  A yaktaur captain (Vaults:1)
  5 hydras
  5 entropy weavers
  3 ogre magi
  A catoblepas (Lair:3)
  4 centaur warriors
  2 dancing weapons (D:14)
  A tengu warrior (D:15)
  23 death yaks
  6 orc high priests
  Urug (Orc:1)
  Nergalle (Orc:1)
  A shadow wraith (Vaults:1)
  3 skeletal warriors (D:14)
  A deep elf knight (Vaults:1)
  A giant orange brain (D:11)
  A lindwurm (Lair:8)
  2 swamp dragons
  3 unseen horrors
  6 hill giants
  The ghost of EmperorPingu0 the Shield-Bearer, an experienced MiFi (D:6)
  2 wizards
  19 wolf spiders
  An ironbrand convoker (Vaults:1)
  4 cyclopes
  10 orb spiders
  A wolf spider zombie (D:12)
  5 orc sorcerers
  5 griffons
  4 orc knights (Orc:4)
  2 hornets
  5 manticores
  4 ugly things
  A draconian (shapeshifter) (Vaults:1)
  3 toenail golems (Volcano)
  A vault sentinel (Vaults:1)
  8 black mambas
  9 elephants
  Joseph (D:7)
  7 torpor snails
  3 centaur skeletons
  2 gargoyles
  3 molten gargoyles (Volcano)
  A kobold demonologist (D:13)
  A yaktaur (Vaults:1)
  16 spiny frogs
  7 fire drakes
  12 komodo dragons
  6 demonic crawlers
  2 tengu conjurers (D:15)
  5 trolls
  A yaktaur (shapeshifter) (D:14)
  22 jumping spiders
  A polar bear (Lair:8)
  11 blink frogs
  3 two-headed ogres
  2 giant leeches (Lair:8)
  Grinder (D:5)
  14 slime creatures
  Prince Ribbit (D:7)
  5 ravens (D:15)
  4 boulder beetles
  A shadow (D:12)
  4 wraiths
  14 trapdoor spiders
  52 redbacks
  5 basilisks
  3 wyverns
  4 water elementals (D:15)
  19 tarantellas
  4 vampire mosquitoes
  6 hogs (Spider:2)
  4 deep elf magi
  3 steam dragons
  A centaur simulacrum (D:14)
  2 fire bats (Volcano)
  A warg (Orc:2)
  3 hungry ghosts
  46 yaks
  9 hippogriffs
  A mottled dragon (Lair:8)
  4 fire elementals
  A soldier ant (D:13)
  6 swamp worms (Lair:6)
  8 wolves
  19 water moccasins
  A swamp drake (Lair:6)
  10 porcupines
  A hell hound (D:13)
  3 ice beasts
  A black bear (D:5)
  20 orc warriors
  A soldier ant (shapeshifter) (D:13)
  42 spiders
  16 ogres
  2 phantoms
  2 eyes of draining
  4 wasps (Lair:8)
  3 necrophages
  2 sky beasts
  5 boring beetles
  21 centaurs
  11 brain worms
  16 crocodiles
  3 big kobolds
  22 giant frogs
  An earth elemental (Volcano)
  A wyvern zombie (D:11)
  A water moccasin zombie (Ossuary)
  2 wyvern skeletons
  A water moccasin skeleton (D:11)
  8 killer bees
  3 scorpions
  4 wights (D:10)
  5 bog bodies (Ossuary)
  A lava snake (Volcano)
  8 crimson imps
  2 hounds
  7 electric eels
  A human zombie (D:5)
  4 giant frog zombies
  3 centaur zombies (Ossuary)
  38 orc priests
  5 jellies
  17 iguanas
  A quasit (D:10)
  2 giant frog skeletons
  10 worker ants
  33 orc wizards
  21 sheep
  A killer bee zombie (Ossuary)
  9 mummies (Ossuary)
  4 hound zombies
  A worker ant zombie (Ossuary)
  4 gnolls (D:3)
  108 river rats
  3 shadow imps
  18 adders
  A white imp (D:4)
  3 adder zombies
  16 worms
  3 giant geckos
  219 orcs
  A bat zombie (Ossuary)
  2 giant cockroaches
  14 hobgoblins
  5 jackals
  5 quokkas
  A ball python (D:7)
  11 bats
  3 giant gecko zombies (Ossuary)
  5 giant newts
  2 giant spores
  20 goblins
  2 goblin skeletons (D:4)
  3 goblin zombies
  A hobgoblin zombie (D:4)
  2 jackal zombies
  28 kobolds
  2 kobold skeletons (D:4)
  2 kobold zombies
  An orc skeleton (D:4)
  2 orc zombies (D:4)
  2 quokka zombies (Ossuary)
  11 rats
  A rat zombie (D:5)
  5 ballistomycetes
  7 fungi
  3 plants
1416 creatures vanquished.

Vanquished Creatures (others)
  An ironbrand convoker (Vaults:1)
  A demonic crawler (Spider:3)
  2 ogres (D:15)
  An orc priest (Orc:4)
  A worm (Lair:8)
  A giant spore (D:8)
  A bush (Lair:8)
  5 fungi
  3 plants
16 creatures vanquished.

Grand Total: 1432 creatures vanquished

Notes
Turn   | Place    | Note
--------------------------------------------------------------
     0 | D:1      | Chiseanne, the Vine Stalker Monk, began the quest for the Orb.
     0 | D:1      | Reached XP level 1. HP: 11/11 MP: 2/2
   225 | D:1      | Reached XP level 2. HP: 13/16 MP: 3/3
   516 | D:1      | Reached XP level 3. HP: 19/19 MP: 4/4
   900 | D:2      | Reached XP level 4. HP: 19/24 MP: 5/5
  1320 | D:3      | Reached skill level 1 in Armour
  1396 | D:3      | Reached XP level 5. HP: 18/28 MP: 4/6
  1639 | D:3      | Found a white marble altar of Elyvilon.
  1928 | D:3      | Found a shattered altar of Ashenzari.
  2047 | D:4      | Found a glowing golden altar of the Shining One.
  2149 | D:4      | Became a worshipper of the Shining One
  2149 | D:4      | Acquired the Shining One's first power
  2149 | D:4      | Acquired the Shining One's second power
  2168 | D:4      | Gained mutation: You heal very quickly. [Vine Stalker growth]
  2168 | D:4      | Reached XP level 6. HP: 32/32 MP: 7/7
  2764 | D:5      | Entered Level 5 of the Dungeon
  2770 | D:5      | Noticed Grinder
  2783 | D:5      | Killed Grinder
  2783 | D:5      | Reached skill level 1 in Invocations
  2783 | D:5      | Reached XP level 7. HP: 36/36 MP: 7/9
  2803 | D:5      | Found a sand-covered staircase.
  2828 | Ossuary  | Entered an ossuary
  2955 | Ossuary  | Got a crude amber ring
  3007 | Ossuary  | Identified the cursed ring "Ital" {Fire Stlth+} (You found it in an ossuary)
  3020 | Ossuary  | Gained mutation: You have razor-sharp teeth. [Vine Stalker growth]
  3020 | Ossuary  | Reached XP level 8. HP: 42/42 MP: 10/10
  3063 | Ossuary  | Acquired the Shining One's third power
  3122 | Ossuary  | Reached skill level 5 in Dodging
  3601 | D:5      | Found an iron altar of Okawaru.
  3623 | D:5      | Identified a scroll of acquirement
  3931 | D:5      | Reached skill level 5 in Armour
  4063 | D:6      | Noticed EmperorPingu0's ghost (experienced MiFi)
  4078 | D:6      | Killed EmperorPingu0's ghost
  4078 | D:6      | Reached skill level 5 in Fighting
  4078 | D:6      | Reached skill level 6 in Dodging
  4078 | D:6      | Reached XP level 9. HP: 28/47 MP: 6/12
  4846 | D:7      | Noticed Prince Ribbit
  4870 | D:7      | Killed Prince Ribbit
  4870 | D:7      | Reached skill level 7 in Dodging
  4924 | D:7      | Found a staircase to the Ecumenical Temple.
  4972 | D:7      | Noticed Joseph
  4983 | D:7      | Killed Joseph
  4983 | D:7      | Reached XP level 10. HP: 35/51 MP: 12/14
  5109 | D:8      | Acquired the Shining One's fourth power
  5571 | D:8      | Found Coag's Assorted Antiques.
  5576 | D:8      | Bought a bloodstained leather armour for 259 gold pieces
  5576 | D:8      | Bought a scroll of fear for 129 gold pieces
  5576 | D:8      | Bought a scroll of identify for 74 gold pieces
  5588 | D:8      | Identified the +0 leather armour "Kiufreruh" {+Fly rF+} (You bought it in a shop on level 8 of the Dungeon)
  5665 | D:9      | Noticed a purple ugly thing
  5680 | D:9      | Killed a purple ugly thing
  5680 | D:9      | Reached skill level 8 in Dodging
  5752 | D:9      | Found a shadowy altar of Dithmenos.
  5855 | D:9      | Found a basalt altar of Yredelemnul.
  5856 | D:9      | Found a sparkling altar of Nemelex Xobeh.
  5856 | D:9      | Found a glowing silver altar of Zin.
  5869 | D:9      | Found an opulent altar of Gozag.
  5932 | D:9      | Reached skill level 1 in Short Blades
  6166 | D:9      | Found a staircase to the Lair.
  6640 | D:9      | Reached skill level 5 in Short Blades
  6640 | D:9      | Reached XP level 11. HP: 34/56 MP: 15/15
  6798 | Lair:1   | Entered Level 1 of the Lair of Beasts
  8056 | D:10     | Entered Level 10 of the Dungeon
  8140 | D:10     | Reached skill level 9 in Short Blades
  8163 | D:10     | Found a staircase to the Orcish Mines.
  8225 | D:10     | Noticed an unseen horror
  8232 | D:10     | Killed an unseen horror
  8392 | D:10     | Noticed a hill giant
  8403 | D:10     | Killed a hill giant
  8564 | D:10     | Reached skill level 10 in Short Blades
  8603 | D:10     | Gained mutation: You regenerate. [Vine Stalker growth]
  8603 | D:10     | Reached XP level 12. HP: 61/61 MP: 16/16
  9044 | D:11     | Found Kisigenk's Distillery.
  9073 | D:11     | Bought a potion of curing for 42 gold pieces
  9073 | D:11     | Bought a potion of might for 56 gold pieces
  9073 | D:11     | Bought a potion of agility for 56 gold pieces
  9073 | D:11     | Bought 2 potions of might for 112 gold pieces
  9073 | D:11     | Bought a potion of curing for 42 gold pieces
  9127 | D:11     | Found Suadd's Weapon Boutique.
  9190 | D:11     | Found Toiwkaes's Weapon Shop.
  9237 | D:11     | Found Qeisop's General Store.
  9264 | D:11     | Bought a scroll of identify for 34 gold pieces
  9264 | D:11     | Bought a scroll of identify for 34 gold pieces
  9264 | D:11     | Bought a beef jerky for 25 gold pieces
  9432 | D:11     | Found Vuxabe's Book Boutique.
 10312 | D:12     | Reached skill level 10 in Fighting
 10789 | D:12     | Found a portal to a secret trove of treasure.
 10821 | D:12     | Reached XP level 13. HP: 67/72 MP: 17/17
 11077 | D:13     | Reached skill level 10 in Dodging
 11105 | D:13     | Reached skill level 5 in Invocations
 11520 | D:13     | Reached skill level 1 in Shields
 11596 | D:13     | Noticed Azrael
 11616 | D:13     | Killed Azrael
 12153 | D:13     | Gained mutation: You possess an exceptional clarity of mind. [potion of beneficial mutation]
 12587 | D:14     | Found a gate to the Vaults.
 12630 | D:14     | Reached skill level 5 in Shields
 13190 | Orc:1    | Entered Level 1 of the Orcish Mines
 13190 | Orc:1    | Noticed Nergalle
 13191 | Orc:1    | Found Daklug's Distillery.
 13302 | Orc:1    | Found Pischi Ockown's Quality Used Wands.
 13307 | Orc:1    | Killed Nergalle
 13319 | Orc:1    | Bought a potion of might for 48 gold pieces
 13319 | Orc:1    | Bought a potion of might for 48 gold pieces
 13319 | Orc:1    | Bought a potion of might for 48 gold pieces
 13319 | Orc:1    | Bought a potion of flight for 36 gold pieces
 13319 | Orc:1    | Bought a potion of curing for 36 gold pieces
 13362 | Orc:1    | Noticed Urug
 13381 | Orc:1    | Killed Urug
 13757 | Orc:1    | Noticed Snorg
 13769 | Orc:1    | Killed Snorg
 14713 | Orc:3    | Reached XP level 14. HP: 77/77 MP: 20/20
 14827 | Orc:3    | Found a staircase to the Elven Halls.
 15176 | Orc:4    | Entered Level 4 of the Orcish Mines
 15887 | Orc:4    | Found Gottaurr's Weapon Shoppe.
 15901 | Orc:3    | Noticed a stone giant
 15920 | Orc:3    | Killed a stone giant
 16268 | Orc:3    | Found a roughly hewn altar of Beogh.
 16767 | Orc:4    | Found Miosutuv's Distillery.
 16873 | Orc:4    | Reached skill level 10 in Shields
 17032 | Orc:4    | Reached skill level 1 in Throwing
 17049 | Orc:4    | Found Cuulowk's General Store.
 17125 | Orc:4    | Found Pelify's Jewellery Emporium.
 17128 | Orc:4    | Bought a potion of mutation for 42 gold pieces
 17128 | Orc:4    | Bought a potion of haste for 170 gold pieces
 17128 | Orc:4    | Bought a potion of agility for 68 gold pieces
 17128 | Orc:4    | Bought a potion of curing for 51 gold pieces
 17128 | Orc:4    | Bought a potion of agility for 68 gold pieces
 17128 | Orc:4    | Bought a potion of might for 68 gold pieces
 17129 | Orc:4    | Found Jiola's Book Emporium.
 17140 | Orc:4    | Bought a scroll of blinking for 127 gold pieces
 17140 | Orc:4    | Bought a bread ration for 85 gold pieces
 17140 | Orc:4    | Bought a royal jelly for 34 gold pieces
 17140 | Orc:4    | Bought a scroll of immolation for 59 gold pieces
 18218 | Lair:3   | Got a polished ring mail
 18245 | Lair:2   | Identified the +5 ring mail "Boqioq" {rC+} (You found it on level 3 of the Lair of Beasts)
 18449 | Lair:3   | Reached skill level 5 in Throwing
 19479 | Lair:4   | Learned a level 2 spell: Repel Missiles
 19484 | Lair:4   | Found a hole to the Spider Nest.
 19840 | Lair:4   | Reached XP level 15. HP: 80/80 MP: 21/21
 20463 | Lair:5   | Found a dark tunnel.
 20467 | Volcano  | Entered a volcano
 20657 | Volcano  | Found a bloodstained altar of Trog.
 21046 | Lair:5   | Reached skill level 10 in Throwing
 21457 | Lair:5   | Found a staircase to the Shoals.
 22109 | Lair:6   | Got an ichor-stained flail
 22110 | Lair:6   | Identified the +7 flail of Cowardice {freeze, rPois MR- Str+2 SInv} (You found it on level 6 of the Lair of Beasts)
 22516 | Lair:6   | Found a viscous altar of Jiyva.
 22516 | Lair:6   | Found a staircase to the Slime Pits.
 23197 | Lair:7   | Learned a level 1 spell: Apportation
 23200 | Lair:7   | Learned a level 2 spell: Swiftness
 23688 | Lair:8   | Entered Level 8 of the Lair of Beasts
 23794 | Lair:8   | Reached skill level 10 in Armour
 24026 | Lair:8   | Reached XP level 16. HP: 83/85 MP: 22/22
 24323 | Lair:8   | Got a pair of ichor-stained boots
 24329 | Lair:8   | Identified the +0 pair of boots "Xunai" {Int+6} (You acquired it on level 8 of the Lair of Beasts)
 24511 | Lair:8   | Reached skill level 10 in Invocations
 24640 | Lair:8   | Found a runed door.
 25565 | D:11     | Bought a manual of Invocations for 1435 gold pieces
 25780 | D:14     | Reached skill level 11 in Invocations
 26010 | D:14     | Noticed Frances
 26022 | D:14     | Killed Frances
 26022 | D:14     | Reached skill level 12 in Invocations
 26033 | D:14     | Got a slimy hand crossbow
 26044 | D:14     | Identified the +9 hand crossbow of Starshine {penet, Str+4} (You found it on level 14 of the Dungeon)
 26205 | D:15     | Entered Level 15 of the Dungeon
 26234 | D:15     | Found a staircase to the Depths.
 26308 | D:15     | Reached skill level 13 in Invocations
 26879 | D:15     | Found a white marble altar of Elyvilon.
 27306 | Lair:1   | Upgraded the game from 0.17-a0-877-ga10078a to 0.17-a0-896-g249456b
 27395 | Spider:1 | Entered Level 1 of the Spider Nest
 27421 | Spider:1 | Reached skill level 14 in Invocations
 27806 | Spider:1 | Reached skill level 15 in Invocations
 28194 | Spider:2 | Reached XP level 17. HP: 80/89 MP: 29/29
 28508 | Spider:2 | Reached skill level 16 in Invocations
 28610 | Spider:2 | HP: 4/89 [poisoned by a redback]
 28615 | Spider:2 | HP: 4/89 [poisoned by a redback]
 28620 | Spider:2 | HP: 4/89 [poisoned by a redback]
 28898 | Spider:3 | Noticed Kirke
 29110 | Spider:2 | Reached skill level 1 in Evocations
 29217 | Spider:3 | Killed Kirke
 29660 | Spider:3 | Got a polished spear
 29684 | Spider:3 | Identified the +7 spear of Jujufyn {freeze, +Blink +Inv rPois Dex+3} (You found it on level 3 of the Spider Nest)
 29875 | Spider:4 | Entered Level 4 of the Spider Nest
 31155 | Spider:4 | Got a gossamer rune of Zot
 31682 | Vaults:1 | Entered Level 1 of the Vaults
 31850 | Vaults:1 | Got a pitted brass ring
 31864 | Vaults:1 | Identified the ring "Koudomp" {rN++ EV+2} (You found it on level 1 of the Vaults)
 31915 | Vaults:1 | Got a pitted dagger
 31916 | Vaults:1 | Identified the cursed +1 dagger "Utuy" {pierce, rElec rN+ SInv} (You found it on level 1 of the Vaults)
 32530 | Vaults:1 | Reached XP level 18. HP: 44/95 MP: 27/31
 32621 | Vaults:1 | Mangled by a battleaxe of electrocution

Action                   |  1- 3 |  4- 6 |  7- 9 | 10-12 | 13-15 | 16-18 || total
-------------------------+-------+-------+-------+-------+-------+-------++-------
Melee: Unarmed           |    98 |       |       |       |       |       ||    98
       Dagger            |     3 |   178 |   270 |   839 |  2343 |  1826 ||  5459
       Scimitar          |       |       |       |       |    10 |       ||    10
Throw: Throwing net      |       |       |     1 |       |       |       ||     1
       Tomahawk          |       |       |       |     7 |    46 |    74 ||   127
       Javelin           |       |       |       |       |    28 |    21 ||    49
 Cast: Apportation       |       |       |       |       |       |     1 ||     1
Invok: Divine Shield     |       |       |       |       |       |     1 ||     1
Evoke: Wand              |       |       |       |     4 |    20 |     6 ||    30
  Use: Scroll            |       |     8 |    15 |    11 |    15 |    12 ||    61
       Potion            |       |       |       |       |     6 |     3 ||     9
 Stab: Sleeping          |       |     2 |       |       |       |       ||     2
  Eat: Chunk             |       |     6 |     2 |    11 |    23 |     7 ||    49
       Fruit             |       |       |     5 |    10 |    20 |    11 ||    46
       Beef jerky        |       |       |     1 |     1 |     4 |     4 ||    10
       Royal jelly       |       |       |       |       |     1 |     2 ||     3
       Pizza             |       |       |       |       |       |     2 ||     2
